AoeStats
← LimitBid70

Arabia

509825988Analyzed
1v1 RM · 3d ago on Sep 28, 2026· 28m 45s· 2 players
Game mode
Random Map
Map size
Tiny (2 player)
Population
200
Speed
Normal
Resources
Standard
Victory
Conquest
Starting age
Dark Age
Ending age
Imperial Age
RankedLock teamsTeams togetherTeam positionsShared explorationLock speedFull tech treeHidden civsTurbo modeCheats
Victory
Defeat
🇲🇽 Romans · Mexico
1185
+17
🇦🇺 Cumans · Australia
1202
-17
[KT]bet52
8:51 Loom
11:31 Feudal Age
13:35 Scale Mail Armor
13:33 Man-at-Arms
14:51 Double-Bit Axe
21:24 Castle Age
19:40 Fletching
21:30 Crossbowman
22:09 Bodkin Arrow
23:15 Bow Saw
23:13 Pikeman
23:53 Squires
26:49 Wheelbarrow
LimitBid70
9:34 Feudal Age
9:59 Loom
15:46 Double-Bit Axe
21:07 Bloodlines
22:14 Town Watch
23:53 Scale Barding Armor
26:20 Forging
29:31 Castle Age
28:40 Wheelbarrow
Connection lost

Rejoining the realm…

Still unreachable

The connection could not be restored.

Session expired

The server has moved on; the page needs a fresh start.